 Dungeon Crawl Stone Soup version 0.24-a0-433-gbe6fa4f6cc (webtiles) character file.

Game seed: 12918619015314887172

14828 JellyEater the Geomancer (level 12, 0/72 HPs)
             Began as a Gargoyle Earth Elementalist on June 14, 2019.
             Was an Elder of Vehumet.
             Slain by a vault guard
             ... wielding a +0 long sword
              (5 damage)
             ... on level 13 of the Dungeon.
             The game lasted 00:48:15 (13700 turns).

JellyEater the Geomancer (GrEE)                    Turns: 13700, Time: 00:48:16

Health: 0/72       AC: 22    Str: 12    XL:     12   Next: 20%
Magic:  13/23      EV: 14    Int: 21    God:    Vehumet [****..]
Gold:   769        SH:  0    Dex: 10    Spells: 16/25 levels left

rFire    + + +     SeeInvis .   t - +3 Elemental Staff {rElec rF++ rC++ MR++ AC+5}
rCold    + + +     Gourm    .   (no shield)
rNeg     + . .     Faith    .   x - +1 robe {MR+}
rPois    ∞         Spirit   .   (helmet restricted)
rElec    +         Reflect  .   M - +2 cloak {rC+}
rCorr    +         Harm     .   (no gloves)
MR       +++..                  e - +1 pair of boots
Stlth    +++.......             (no amulet)
HPRegen  0.22/turn              i - ring of stealth
MPRegen  0.18/turn              N - ring of resist corrosion

@: flying
A: antennae 1, big wings, fire resistance 1, negative energy resistance 1,
electricity resistance, unbreathing, petrification resistance, rot immunity, AC
+8
a: Stop Flying, Renounce Religion


You were on level 13 of the Dungeon.
You worshipped Vehumet.
Vehumet was greatly pleased with you.
You were not hungry.

You visited 2 branches of the dungeon, and saw 14 of its levels.
You also visited: Ice Cave.

You collected 769 gold pieces.

Inventory:

Hand Weapons
 f - a +0 morningstar
 t - the +3 Elemental Staff (weapon) {rElec rF++ rC++ MR++ AC+5}
   (You found it on level 5 of the Dungeon)

   It affects your AC (+5).
   It greatly protects you from fire.
   It greatly protects you from cold.
   It insulates you from electricity.
   It affects your resistance to hostile enchantments.
Missiles
 b - 34 stones (quivered)
 l - 7 javelins
Armour
 e - a +1 pair of boots (worn)
 j - a +0 robe of the Archmagi
 x - a +1 robe of magic resistance (worn)
 M - a +2 cloak of cold resistance (worn)
Jewellery
 i - a ring of stealth (left hand)
 N - a ring of resist corrosion (right hand)
Wands
 k - a wand of iceblast (12)
 y - a wand of polymorph (6)
 C - a wand of disintegration (2)
 G - a wand of paralysis (8)
 K - a wand of enslavement (11)
Scrolls
 c - 5 scrolls of identify
 g - 2 scrolls of remove curse
 r - 2 scrolls of fog
 s - 5 scrolls of teleportation
 v - a scroll of magic mapping
 E - 2 scrolls of enchant weapon
 H - a scroll of fear
Potions
 a - 2 potions of cancellation
 h - 2 potions of brilliance
 m - 3 potions of curing
 n - 5 potions of might
 p - 4 potions of flight
 u - a potion of resistance
 z - 2 potions of magic
 I - a potion of haste
 J - 2 potions of lignification
Comestibles
 d - 10 rations


   Skills:
 + Level 7.0 Fighting
 + Level 6.5 Staves
 - Level 6.0 Armour
 + Level 5.6 Dodging
 - Level 2.1 Stealth
 + Level 7.4 Spellcasting
 + Level 8.2 Conjurations
   Level 0.7 Transmutations
 + Level 10.1 Earth Magic
 + Level 5.9 Evocations


You had 16 spell levels left.
You knew the following spells:

 Your Spells              Type           Power        Failure   Level  Hunger
a - Sandblast             Erth           ######       1%          1    None
b - Stone Arrow           Conj/Erth      #####.       1%          3    None
c - Lee's Rapid Deconstr  Erth           ######....   1%          5    #####..

Your spell library contained the following spells:

 Spells                   Type           Power        Failure   Level  Hunger
 Static Discharge         Conj/Air       ####....     1%          3    None
 Passwall                 Tmut/Erth      ####....     1%          2    None
 Beastly Appendage        Tmut           ##....       6%          1    None
 Petrify                  Tmut/Erth      ####....     9%          4    ###....
 Sticks to Snakes         Tmut           ##......     10%         2    None
 Spider Form              Tmut/Pois      #.........   22%         3    None
 Ice Form                 Ice/Tmut       #.......     58%         4    ###....
 Blade Hands              Tmut           ##........   86%         5    #####..


Dungeon Overview and Level Annotations

Branches:
Dungeon (14/15)            Temple (1/1) D:7            Lair (0/6) D:8
    Orc (0/2) D:11
 Vaults: D:13-14

Altars:
Ashenzari
Cheibriados
Dithmenos
Elyvilon
Fedhas
Gozag
Hepliaklqana
Kikubaaqudgha
Makhleb
Nemelex Xobeh
Okawaru
Qazlal
Ru
Sif Muna
Trog
Uskayaw
Vehumet
Wu Jian
Xom
Yredelemnul
Zin
The Shining One
Beogh

Shops:
D:7 (   D:9 }

Annotations:
D:14 1 runed translucent door


Innate Abilities, Weirdness & Mutations

You are resistant to torment.
Your stone body is resilient. (AC +8)
You are immune to poison.
You resist negative energy. (rN+)
You are resistant to electric shocks. (rElec)
You can survive without breathing.
You are immune to petrification.
You are immune to rotting.
You have a pair of small antennae on your head.
Your large and strong wings let you fly indefinitely.
Your flesh is heat resistant. (rF+)


Message History

b - 36 stones
Casting: Sandblast (safe; 1% risk of failure)
Confirm with . or Enter, or press ? or * to list all spells.
Aiming: Sandblast (safe; 1% risk of failure)
Press: ? - help, Shift-Dir - straight line, f/p - vault guard
Aim: a vault guard, wielding a +0 long sword, wearing a +0 chain mail and wearing a +0 large shield The blast of sand hits the vault guard!!
The vault guard is moderately wounded.
b - 35 stones The vault guard closely misses you.
Casting: Sandblast (safe; 1% risk of failure)
Confirm with . or Enter, or press ? or * to list all spells.
Aiming: Sandblast (safe; 1% risk of failure)
Press: ? - help, Shift-Dir - straight line, f/p - vault guard
Aim: a vault guard, wielding a +0 long sword, wearing a +0 chain mail and wearing a +0 large shield (moderately wounded)
The blast of sand hits the vault guard.
The vault guard is moderately wounded.
b - 34 stones The vault guard hits you with a +0 long sword.
You die...

#######..
#@)......
#p#####..
#.# #.#
#.# #..
###


You could see a vault guard.

Vanquished Creatures
  A vault guard (D:13)
  A catoblepas (D:14)
  Pikel (D:6)
  A manticore (D:14)
  2 centaur zombies
  2 ice statues (IceCv)
  2 centaur skeletons (D:14)
  8 ice devils (IceCv)
  A kobold demonologist (D:14)
  Grinder (D:6)
  A raiju (shapeshifter) (D:14)
  2 hippogriffs
  A spriggan (D:9)
  A wyvern (D:8)
  5 yaks (D:14)
  2 wraiths (D:14)
  2 hungry ghosts
  Eustachio (D:5)
  2 vampire mosquitoes (D:14)
  Menkaure (D:6)
  3 wargs (D:8)
  A water moccasin (D:10)
  A hornet zombie (D:10)
  2 sky beasts
  4 ice beasts
  5 orc warriors (D:14)
  A slave (D:6)
  2 phantoms
  A necrophage (D:8)
  5 ogres
  8 centaurs
  5 big kobolds
  A bullfrog (D:7)
  5 scorpions
  6 killer bees (D:9)
  9 wights
  A howler monkey (D:4)
  4 crimson imps
  A quasit (D:10)
  6 orc priests
  9 hounds
  Crazy Yiuf (D:5)
  2 bullfrog skeletons
  2 iguanas
  13 orc wizards
  10 worker ants
  2 ogre zombies (D:4)
  A howler monkey zombie (D:7)
  A worker ant zombie (D:7)
  7 adders
  An orc zombie (D:4)
  3 white imps (IceCv)
  8 ufetubi (IceCv)
  An ooze (D:1)
  4 worms
  3 dart slugs
  6 leopard geckos
  48 orcs
  3 giant cockroaches
  5 goblins
  6 hobgoblins
  5 jackals
  25 kobolds
  4 quokkas
  A ball python (D:1)
  4 bats
  3 frilled lizards
  A leopard gecko zombie (D:9)
  10 rats
298 creatures vanquished.

Vanquished Creatures (others)
  A reaper (IceCv)
  6 white imps (IceCv)
  4 ufetubi (IceCv)
  A quokka (D:6)
12 creatures vanquished.

Grand Total: 310 creatures vanquished

Notes
Turn   | Place    | Note
-------+----------+-------------------------------------------
     0 | D:1      | JellyEater the Gargoyle Earth Elementalist began the quest
                  | for the Orb.
     0 | D:1      | Reached XP level 1. HP: 10/10 MP: 3/3
   148 | D:1      | Reached XP level 2. HP: 14/15 MP: 1/5
   150 | D:1      | Reached skill level 4 in Earth Magic
   456 | D:1      | Reached XP level 3. HP: 19/19 MP: 6/6
   461 | D:1      | Learned a level 3 spell: Stone Arrow
  1178 | D:2      | Found a snail-covered altar of Cheibriados.
  1599 | D:2      | Reached skill level 1 in Conjurations
  1601 | D:2      | Reached XP level 4. HP: 23/24 MP: 6/8
  2246 | D:3      | Reached skill level 5 in Earth Magic
  2344 | D:3      | Found a sparkling altar of Nemelex Xobeh.
  2604 | D:3      | Reached XP level 5. HP: 28/28 MP: 9/9
  2611 | D:3      | Learned a level 5 spell: Lee's Rapid Deconstruction
  2622 | D:3      | Found a burning altar of Makhleb.
  2844 | D:4      | Noticed an ogre
  2850 | D:4      | Killed an ogre
  2850 | D:4      | Reached XP level 6. HP: 32/32 MP: 2/11
  3051 | D:4      | Found a transporter.
  3057 | D:4      | Got an ichor-stained robe
  3078 | D:4      | Identified the +1 robe of Hymieng {rCorr Str+2 Int-3
                  | Stlth+} (You found it on level 4 of the Dungeon)
  3134 | D:4      | Reached skill level 6 in Earth Magic
  3242 | D:4      | Found a transporter.
  3465 | D:4      | Reached XP level 7. HP: 17/36 MP: 1/13
  3776 | D:4      | Gained mutation: You have a pair of small antennae on your
                  | head. [potion of mutation]
  3776 | D:4      | Gained mutation: Your flesh is heat resistant. (rF+)
                  | [potion of mutation]
  3776 | D:4      | Gained mutation: Your large and strong wings let you fly
                  | indefinitely. [potion of mutation]
  3801 | D:5      | Entered Level 5 of the Dungeon
  3869 | D:5      | Found the +3 Elemental Staff {rElec rF++ rC++ MR++ AC+5}
  4135 | D:5      | Found a runed translucent door.
  4136 | D:5      | Noticed Crazy Yiuf
  4141 | D:5      | Killed Crazy Yiuf
  4261 | D:5      | Found a glowing silver altar of Zin.
  4261 | D:5      | Noticed an angel
  4297 | D:5      | Noticed Eustachio
  4424 | D:5      | Found a hide-covered altar of Uskayaw.
  4433 | D:5      | Killed Eustachio
  4433 | D:5      | Reached skill level 1 in Fighting
  4433 | D:5      | Reached skill level 1 in Armour
  4735 | D:6      | Noticed Menkaure
  4741 | D:6      | Killed Menkaure
  4741 | D:6      | Reached skill level 1 in Staves
  4741 | D:6      | Reached skill level 1 in Evocations
  4901 | D:6      | Reached XP level 8. HP: 24/43 MP: 14/14
  5277 | D:6      | Found a deep blue altar of Sif Muna.
  5458 | D:6      | Reached skill level 7 in Earth Magic
  5734 | D:6      | Noticed Pikel
  5740 | D:6      | Killed Pikel
  5740 | D:6      | Reached skill level 5 in Spellcasting
  5740 | D:6      | Reached skill level 5 in Conjurations
  5740 | D:6      | Reached XP level 9. HP: 46/49 MP: 8/16
  5793 | D:6      | Noticed Grinder
  5797 | D:6      | Killed Grinder
  6254 | D:7      | Found Ubiusapn's Antique Weapon Shop.
  6635 | D:7      | Found a staircase to the Ecumenical Temple.
  6650 | Temple   | Entered the Ecumenical Temple
  6829 | Temple   | Became a worshipper of Vehumet
  7360 | D:8      | Reached skill level 8 in Earth Magic
  8054 | D:8      | Reached XP level 10. HP: 56/56 MP: 11/18
  8089 | D:8      | Reached * piety under Vehumet
  8089 | D:8      | Offered knowledge of Flame Tongue by Vehumet.
  8216 | D:8      | Found a staircase to the Lair.
  8394 | D:8      | Got a dull robe
  8405 | D:8      | Identified the cursed +1 robe "Tarr" {rN+} (You found it on
                  | level 8 of the Dungeon)
  9251 | D:9      | Found Jageddo's Gadget Shop.
  9334 | D:9      | Reached skill level 5 in Armour
  9373 | D:9      | Reached ** piety under Vehumet
  9449 | D:9      | Offered knowledge of Searing Ray by Vehumet.
  9559 | D:9      | Reached skill level 5 in Fighting
 10055 | D:10     | Entered Level 10 of the Dungeon
 10117 | D:10     | Offered knowledge of Throw Frost by Vehumet.
 10416 | D:10     | Reached skill level 9 in Earth Magic
 10523 | D:10     | Reached skill level 5 in Staves
 10531 | D:10     | Reached XP level 11. HP: 64/64 MP: 17/20
 10740 | D:11     | Reached *** piety under Vehumet
 10810 | D:11     | Found a staircase to the Orcish Mines.
 10870 | D:11     | You are sucked into a shaft and drop 3 floors!
 10871 | D:14     | Noticed a catoblepas
 10895 | D:14     | Offered knowledge of Airstrike by Vehumet.
 10901 | D:14     | Killed a catoblepas
 11065 | D:14     | Found a frozen archway.
 11077 | IceCv    | Entered an ice cave
 11226 | IceCv    | Reached skill level 5 in Evocations
 11753 | IceCv    | Reached skill level 5 in Dodging
 12127 | IceCv    | Killed a reaper
 12678 | D:14     | Found a runed translucent door.
 12681 | D:14     | Noticed a catoblepas
 12738 | D:14     | Noticed a manticore
 12745 | D:14     | Killed a manticore
 12787 | D:14     | Found a roughly hewn altar of Beogh.
 12788 | D:14     | Reached **** piety under Vehumet
 12823 | D:14     | Offered knowledge of Static Discharge by Vehumet.
 13166 | D:14     | Reached XP level 12. HP: 67/71 MP: 22/22
 13363 | D:14     | Reached skill level 10 in Earth Magic
 13596 | D:14     | Noticed a vault guard
 13598 | D:14     | Noticed a vault guard
 13695 | D:13     | Killed a vault guard
 13700 | D:13     | Slain by a vault guard

Levels and vault maps discovered:
D:1:      psy_arrival_dodecagon, layout_basic
D:2:      layout_basic, kennysheep_slug_shrine, first_ration,
          serial_bayou_pond_c
D:3:      layout_rooms, nemelex_xobeh_ov_fountains_minmay, lemuel_round_altar,
          feat_on_display
D:4:      gammafunk_cloud_chamber, layout_rooms
D:5:      layout_loops_ring, zin_angel, eat_drink_and_be_merry_uskayaw,
          uniq_eustachio, uniq_crazy_yiuf_cottage
D:6:      layout_basic, tgw_sif, uniq_grinder, uniq_menkaure, uniq_pikel
D:7:      layout_basic, minmay_temple_entry_ruins, kennysheep_windowed_goal
D:8:      layout_layer_cave, erik_lair_orcish_takeover, grunt_ministairs_5
D:9:      layout_cave_pods, serial_shops, nicolae_shop_waterfront
D:10:     layout_cross
D:11:     layout_grid_maze, david_orc_2, enter_trove_3, serial_shops,
          nicolae_shop_temple_entry_statues_fountains
D:13:     layout_basic, onia_ninara_cookie
D:14:     layout_loops_ring, lightli_vaults_fourway_checkpoint, special_room
          [special_room_orc], portal_ice_cave_entry_pillars_1, the_bakery,
          drop_trap, lightli_airlock
Temple:   eino_temple_rhombus

Skill      XL: |  1  2  3  4  5  6  7  8  9 10 11 12 |
---------------+-------------------------------------+-----
Earth Magic    | 4 5 6 7 8 9 10 | 10.1
Conjurations   | 1 2 3 4 5 6 7 8 |  8.2
Spellcasting   | 3 4 5 6 7 |  7.4
Fighting       | 1 2 4 5 6 7 |  7.0
Armour         | 1 3 4 5 6 |  6.0
Staves         | 1 2 3 5 6 |  6.5
Dodging        | 2 3 4 5 |  5.6
Evocations     | 1 2 3 4 5 |  5.9
Stealth        | |  2.1
Transmutations | |  0.7

Action                   |  1- 3 |  4- 6 |  7- 9 | 10-12 || total
-------------------------+-------+-------+-------+-------++-------
Melee: Unarmed           |     7 |       |       |       ||     7
       Whip              |    66 |       |       |       ||    66
       Mace              |    27 |     5 |       |       ||    32
       Morningstar       |       |    85 |     5 |       ||    90
       Staff             |       |       |   193 |   365 ||   558
Throw: Javelin           |       |       |     1 |       ||     1
 Cast: Sandblast         |    21 |    44 |    45 |   115 ||   225
       Stone Arrow       |       |     1 |    14 |     5 ||    20
       Lee's Rapid Decon |       |       |    11 |    38 ||    49
 Abil: Fly               |       |       |     1 |       ||     1
       Evoke Flight      |       |       |     1 |       ||     1
Evoke: Wand              |       |       |     3 |    34 ||    37
  Use: Scroll            |     9 |     6 |     7 |     5 ||    27
       Potion            |       |     2 |     1 |     2 ||     5
 Stab: Sleeping          |     7 |     4 |     4 |     3 ||    18
       Distracted        |       |       |       |     2 ||     2
       Confused          |       |       |       |     1 ||     1
  Eat: Chunk             |     2 |     7 |    16 |    15 ||    40
       Ration            |       |       |     1 |     5 ||     6
Armor: Robe              |    42 |    59 |   104 |   293 ||   498
       Skin              |       |     3 |       |       ||     3
Dodge: Dodged            |    83 |    96 |   129 |   451 ||   759

Table legend:
 A = Non-vault XP
 B = Vault XP
 C = Vault XP percentage of total XP
 D = Non-vault monster count
 E = Vault monster count
 F = Vault count percentage of total count
                 A         B        C        D         E       F
            +---------+---------+-------+---------+---------+-------
      Total |   12818 |    8366 |  39.5 |     218 |      80 |  26.8
            +---------+---------+-------+---------+---------+-------
        D:1 |      49 |       0 |   0.0 |      25 |       0 |   0.0
        D:2 |      35 |       4 |  10.3 |      13 |       1 |   7.1
        D:3 |      85 |       0 |   0.0 |      16 |       0 |   0.0
        D:4 |     403 |      66 |  14.1 |      12 |       3 |  20.0
        D:5 |     131 |     229 |  63.6 |       3 |       2 |  40.0
        D:6 |     637 |    1098 |  63.3 |      18 |       4 |  18.2
        D:7 |     900 |     172 |  16.0 |      20 |       2 |   9.1
        D:8 |     847 |     708 |  45.5 |      14 |      11 |  44.0
        D:9 |    2572 |       0 |   0.0 |      41 |       0 |   0.0
       D:10 |    1602 |       0 |   0.0 |      30 |       0 |   0.0
       D:11 |     281 |      21 |   7.0 |       3 |       7 |  70.0
       D:13 |       0 |     991 | 100.0 |       0 |       1 | 100.0
       D:14 |    5276 |    1349 |  20.4 |      23 |      27 |  54.0
      IceCv |       0 |    3728 | 100.0 |       0 |      22 | 100.0
            +---------+---------+-------+---------+---------+-------
